3L
D.C. DIVIDED @ CHARLESTON BATTERY
07/23/2034
 
TOP OF THE 1ST
D.C. Divided batting - Pitching for Charleston Battery : RHP Kyuichi Hori
Pitching: RHP Kyuichi Hori
Batting: RHB Ken Bone 0-0: Ball
1-0: Fly out, F9 (Flyball, 89D)
Batting: RHB José Torres 0-0: Ball
1-0: Ball
2-0: Foul Ball, location: 2F
2-1: Ball
3-1: Base on Balls
Batting: LHB Yao-pang Chiang 0-0: SINGLE (Flyball, 7LS)
José Torres to second
Batting: RHB Wilbur Davis 0-0: Called Strike
0-1: Ball
1-1: Foul Ball, location: 2F
1-2: Strikes out swinging
Batting: RHB Daryl Yandell 0-0: Ball
1-0: Ball
2-0: Fly out, F4 (Line Drive, 4M)
Top of the 1st over - 0 runs, 1 hit, 0 errors, 2 left on base; D.C. 0 - Charleston 0
BOTTOM OF THE 1ST
Charleston Battery batting - Pitching for D.C. Divided : RHP Eric Colquhoun
Pitching: RHP Eric Colquhoun
Batting: LHB Joey Coco 0-0: Ball
1-0: Fly out, F3 (Line Drive, 3)
Batting: LHB Datu Lesaca 0-0: Ball
1-0: Foul Ball, location: 2F
1-1: Foul Ball, location: 2F
1-2: Ball
2-2: Fly out, F7 (Line Drive, 7D)
Batting: SHB Jasper Morrison 0-0: Ball
1-0: Swinging Strike
1-1: Ball
2-1: Swinging Strike
2-2: Foul Ball, location: 2F
2-2: Strikes out swinging
Bottom of the 1st over - 0 runs, 0 hits, 0 errors, 0 left on base; D.C. 0 - Charleston 0
TOP OF THE 2ND
D.C. Divided batting - Pitching for Charleston Battery : RHP Kyuichi Hori
Batting: RHB Arturo Rodríguez 0-0: Called Strike
0-1: Ball
1-1: Foul Ball, location: 2F
1-2: Strikes out looking
Batting: RHB Júlio Rodríguez 0-0: Foul Ball, location: 2F
0-1: Ball
1-1: SOLO HOME RUN (Flyball, 7D), Distance : 389 ft
Batting: LHB Obidiah Lewis 0-0: Foul Ball, location: 2F
0-1: Ball
1-1: Fly out, F8 (Flyball, 8RS)
Batting: LHB Elmer Hudgins 0-0: Ball
1-0: Ball
2-0: Ball
3-0: Called Strike
3-1: Base on Balls
Batting: RHB Ken Bone 0-0: Ball
1-0: Called Strike
1-1: Ball
2-1: Fielders Choice at 2nd, 5-4 (Groundball, 56)
Top of the 2nd over - 1 run, 1 hit, 0 errors, 1 left on base; D.C. 1 - Charleston 0
BOTTOM OF THE 2ND
Charleston Battery batting - Pitching for D.C. Divided : RHP Eric Colquhoun
Batting: LHB Spencer Powell 0-0: Foul Ball, location: 2F
0-1: Ball
1-1: SINGLE (Line Drive, 34D)
Batting: RHB Paco Muńóz 0-0: Foul Ball, location: 2F
0-1: Foul Ball, location: 2F
0-2: 2-RUN HOME RUN (Flyball, 7D), Distance : 386 ft
Batting: RHB Fernando Rivera 0-0: Foul Ball, location: 2F
0-1: Ball
1-1: Ball
2-1: SINGLE (Groundball, 56D)
Batting: LHB Vicente Gonzáles 0-0: Ball
1-0: Ground out 4-3 (Groundball, 34D)
Fernando Rivera to second
Batting: RHB Luis Ríos 0-0: Ball
1-0: Ball
2-0: Ball
3-0: Base on Balls
Batting: RHB Jesús Ruano 0-0: Fly out, F9 (Flyball, 9)
Runner from 2nd tags up, OUT at 3rd
Bottom of the 2nd over - 2 runs, 3 hits, 0 errors, 1 left on base; D.C. 1 - Charleston 2
TOP OF THE 3RD
D.C. Divided batting - Pitching for Charleston Battery : RHP Kyuichi Hori
Batting: RHB José Torres 0-0: Called Strike
0-1: Ground out 6-3 (Groundball, 6M)
Batting: LHB Yao-pang Chiang 0-0: Ball
1-0: Ball
2-0: Ball
3-0: Swinging Strike
3-1: Fly out, F7 (Flyball, 7S)
Batting: RHB Wilbur Davis 0-0: Ball
1-0: Foul Ball, location: 2F
1-1: Foul Ball, location: 2F
1-2: Foul Ball, location: 2F
1-2: Fly out, F7 (Flyball, 7LM)
Top of the 3rd over - 0 runs, 0 hits, 0 errors, 0 left on base; D.C. 1 - Charleston 2
BOTTOM OF THE 3RD
Charleston Battery batting - Pitching for D.C. Divided : RHP Eric Colquhoun
Batting: LHB Joey Coco 0-0: Ball
1-0: Ball
2-0: SINGLE (Groundball, 4MD)
Batting: LHB Datu Lesaca 0-0: Ball
1-0: Foul Ball, location: 2F
1-1: Swinging Strike
1-2: Fly out, F8 (Flyball, 8LD)
Batting: SHB Jasper Morrison 0-0: Ball
Joey Coco is caught stealing 2nd base
1-0: Ball
2-0: Called Strike
2-1: Called Strike
2-2: Ball
3-2: Foul Ball, location: 2F
3-2: Foul Ball, location: 2F
3-2: Fly out, F9 (Flyball, 89XD)
Bottom of the 3rd over - 0 runs, 1 hit, 0 errors, 0 left on base; D.C. 1 - Charleston 2
TOP OF THE 4TH
D.C. Divided batting - Pitching for Charleston Battery : RHP Kyuichi Hori
Batting: RHB Daryl Yandell 0-0: DOUBLE (Line Drive, 9LM)
Batting: RHB Arturo Rodríguez 0-0: SINGLE (Groundball, 56D)
Daryl Yandell to third
Batting: RHB Júlio Rodríguez 0-0: Called Strike
0-1: Ball
1-1: Called Strike
1-2: Foul Ball, location: 2F
1-2: Ball
2-2: Foul Ball, location: 2F
2-2: Ball
3-2: Base on Balls
Arturo Rodríguez to second
Batting: LHB Obidiah Lewis 0-0: Called Strike
0-1: Foul Ball, location: 2F
0-2: Ball
1-2: Strikes out looking and he physically ARGUES THE CALL AND IS TOSSED!
Batting: LHB Elmer Hudgins 0-0: Called Strike
0-1: Ball
1-1: Ball
2-1: Ball
3-1: Base on Balls
Daryl Yandell scores
Arturo Rodríguez to third
Júlio Rodríguez to second
Batting: RHB Ken Bone 0-0: Ball
1-0: Foul Ball, location: 2F
1-1: Ball
2-1: Called Strike
2-2: Grounds into double play, 5-4-3 (Groundball, 5)
Top of the 4th over - 1 run, 2 hits, 0 errors, 2 left on base; D.C. 2 - Charleston 2
BOTTOM OF THE 4TH
Charleston Battery batting - Pitching for D.C. Divided : RHP Eric Colquhoun
Now at 1B: Nick Boyd
Batting: LHB Spencer Powell 0-0: Ball
1-0: Foul Ball, location: 2F
1-1: Ball
2-1: Foul Ball, location: 2F
2-2: Fly out, F8 (Flyball, 8RM)
Batting: RHB Paco Muńóz 0-0: Ball
1-0: Ball
2-0: Ball
3-0: Base on Balls
Batting: RHB Fernando Rivera 0-0: 2-RUN HOME RUN (Flyball, 78XD), Distance : 430 ft
Batting: LHB Vicente Gonzáles 0-0: Ball
1-0: Foul Ball, location: 2F
1-1: Ground out 3-1 (Groundball, 34S)
Batting: RHB Luis Ríos 0-0: Ball
1-0: Called Strike
1-1: Swinging Strike
1-2: Foul Ball, location: 2F
1-2: Ball
2-2: Foul Ball, location: 2F
2-2: Ball
3-2: DOUBLE (Line Drive, 9D)
Batting: RHB Jesús Ruano 0-0: Swinging Strike
0-1: Ball
1-1: Ball
2-1: Fly out, F6 (Popup, 4M)
Bottom of the 4th over - 2 runs, 2 hits, 0 errors, 1 left on base; D.C. 2 - Charleston 4
TOP OF THE 5TH
D.C. Divided batting - Pitching for Charleston Battery : RHP Kyuichi Hori
Batting: RHB José Torres 0-0: Foul Ball, location: 2F
0-1: Fly out, F9 (Flyball, 89D)
Batting: LHB Yao-pang Chiang 0-0: Called Strike
0-1: Foul Ball, location: 2F
0-2: Ground out 4-3 (Groundball, 4)
Batting: RHB Wilbur Davis 0-0: Ball
1-0: Called Strike
1-1: Swinging Strike
1-2: Ground out 3-1 (Groundball, 34)
Top of the 5th over - 0 runs, 0 hits, 0 errors, 0 left on base; D.C. 2 - Charleston 4
BOTTOM OF THE 5TH
Charleston Battery batting - Pitching for D.C. Divided : RHP Eric Colquhoun
Batting: LHB Joey Coco 0-0: Ball
1-0: Swinging Strike
1-1: Called Strike
1-2: Ball
2-2: Strikes out swinging
Batting: LHB Datu Lesaca 0-0: Ball
1-0: Foul Ball, location: 2F
1-1: Ball
2-1: Ball
3-1: Called Strike
3-2: Foul Ball, location: 2F
3-2: SINGLE (Flyball, 3D)
Batting: SHB Jasper Morrison 0-0: Ball
1-0: Called Strike
1-1: Ball
2-1: Ball
3-1: Swinging Strike
3-2: Foul Ball, location: 2F
3-2: Foul Ball, location: 2F
3-2: Strikes out swinging
Batting: LHB Spencer Powell 0-0: Ball
Datu Lesaca is caught stealing 2nd base
Bottom of the 5th over - 0 runs, 1 hit, 0 errors, 0 left on base; D.C. 2 - Charleston 4
TOP OF THE 6TH
D.C. Divided batting - Pitching for Charleston Battery : RHP Kyuichi Hori
Batting: RHB Daryl Yandell 0-0: Ball
1-0: Foul Ball, location: 2F
1-1: Ball
2-1: Ground out 3-1 (Groundball, 34)
Batting: RHB Arturo Rodríguez 0-0: Ball
1-0: Called Strike
1-1: Ball
2-1: Ball
3-1: Base on Balls
Batting: RHB Júlio Rodríguez 0-0: Ball
1-0: Ball
2-0: Ball
3-0: Base on Balls
Arturo Rodríguez to second
Batting: RHB Nick Boyd 0-0: Swinging Strike
0-1: Foul Ball, location: 2F
0-2: Ball
1-2: Ball
2-2: Ball
3-2: Fielders Choice at 2nd, 3-6 (Groundball, 34)
Arturo Rodríguez to third
Batting: LHB Elmer Hudgins 0-0: Ball
1-0: Ball
2-0: Foul Ball, location: 2F
2-1: Called Strike
2-2: Fly out, F8 (Flyball, 8LS)
Top of the 6th over - 0 runs, 0 hits, 0 errors, 2 left on base; D.C. 2 - Charleston 4
BOTTOM OF THE 6TH
Charleston Battery batting - Pitching for D.C. Divided : RHP Eric Colquhoun
Batting: LHB Spencer Powell 0-0: Ball
1-0: Called Strike
1-1: Ball
2-1: Ball
3-1: Foul Ball, location: 2F
3-2: Ground out 4-3 (Groundball, 4)
Batting: RHB Paco Muńóz 0-0: Ball
1-0: Ball
2-0: Called Strike
2-1: Ball
3-1: Swinging Strike
3-2: Foul Ball, location: 2F
3-2: SINGLE (Groundball, 56D)
Batting: RHB Fernando Rivera 0-0: Ball
1-0: Ball
2-0: Ball
3-0: Base on Balls
Paco Muńóz to second
Pitching: RHP Baker Mayfield
Batting: LHB Vicente Gonzáles 0-0: Ball
1-0: Foul Ball, location: 2F
1-1: Grounds into double play, 4-6-3 (Groundball, 4)
Bottom of the 6th over - 0 runs, 1 hit, 0 errors, 1 left on base; D.C. 2 - Charleston 4
TOP OF THE 7TH
D.C. Divided batting - Pitching for Charleston Battery : RHP Kyuichi Hori
Pitching: RHP Tsugahara Hori
Batting: RHB Ken Bone 0-0: Ball
1-0: Swinging Strike
1-1: Ground out 4-3 (Groundball, 4)
Batting: RHB José Torres 0-0: Called Strike
0-1: Foul Ball, location: 2F
0-2: Ball
1-2: Ball
2-2: Ground out U3 (Groundball, 3)
Batting: LHB Yao-pang Chiang 0-0: Foul Ball, location: 2F
0-1: Ball
1-1: Foul Ball, location: 2F
1-2: Ground out 5-3 (Groundball, 5L)
Top of the 7th over - 0 runs, 0 hits, 0 errors, 0 left on base; D.C. 2 - Charleston 4
BOTTOM OF THE 7TH
Charleston Battery batting - Pitching for D.C. Divided : RHP Baker Mayfield
Batting: RHB Luis Ríos 0-0: Ball
1-0: Ball
2-0: Foul Ball, location: 2F
2-1: Foul Ball, location: 2F
2-2: Foul Ball, location: 2F
2-2: Fly out, F9 (Flyball, 9)
Batting: RHB Jesús Ruano 0-0: Called Strike
0-1: Ball
1-1: Foul Ball, location: 2F
1-2: Foul Ball, location: 2F
1-2: Ground out 6-3 (Groundball, 56)
Batting: LHB Joey Coco 0-0: Ball
1-0: DOUBLE (Groundball, 3L)
Batting: LHB Datu Lesaca 0-0: Ball
1-0: Called Strike
1-1: Foul Ball, location: 2F
1-2: Ball
2-2: Foul Ball, location: 2F
2-2: Ball
3-2: Ground out 3-1 (Groundball, 34S)
Bottom of the 7th over - 0 runs, 1 hit, 0 errors, 1 left on base; D.C. 2 - Charleston 4
TOP OF THE 8TH
D.C. Divided batting - Pitching for Charleston Battery : RHP Tsugahara Hori
Batting: RHB Wilbur Davis 0-0: Ball
1-0: Foul Ball, location: 2F
1-1: Foul Ball, location: 2F
1-2: Ground out 1-3 (Groundball, P)
Batting: RHB Daryl Yandell 0-0: Ball
1-0: Called Strike
1-1: Foul Ball, location: 2F
1-2: Foul Ball, location: 2F
1-2: Foul Ball, location: 2F
1-2: Foul Ball, location: 2F
1-2: Ball
2-2: Ball
3-2: Foul Ball, location: 2F
3-2: Foul Ball, location: 2F
3-2: Base on Balls
Batting: RHB Arturo Rodríguez 0-0: Ball
1-0: Called Strike
1-1: Swinging Strike
1-2: Foul Ball, location: 2F
1-2: Foul Ball, location: 2F
1-2: Ball
2-2: DOUBLE (Line Drive, 7LM)
Daryl Yandell to third
Batting: RHB Júlio Rodríguez 0-0: Ball
1-0: Foul Ball, location: 2F
1-1: Ball
2-1: Called Strike
2-2: Strikes out swinging
Batting: RHB Nick Boyd 0-0: Foul Ball, location: 2F
0-1: Ball
1-1: Ball
2-1: Ground out 4-3 (Groundball, 4)
Top of the 8th over - 0 runs, 1 hit, 0 errors, 2 left on base; D.C. 2 - Charleston 4
BOTTOM OF THE 8TH
Charleston Battery batting - Pitching for D.C. Divided : RHP Baker Mayfield
Pitching: RHP Brewster Warble
Batting: SHB Jasper Morrison 0-0: Ball
1-0: Fly out, F8 (Line Drive, 8RS)
Batting: LHB Spencer Powell 0-0: Ball
1-0: Ball
2-0: Ball
3-0: Called Strike
3-1: Foul Ball, location: 2F
3-2: Base on Balls
Batting: RHB Paco Muńóz 0-0: Ball
1-0: Called Strike
1-1: Foul Ball, location: 2F
1-2: Ball
2-2: Grounds into double play, 5-4-3 (Groundball, 56)
Bottom of the 8th over - 0 runs, 0 hits, 0 errors, 0 left on base; D.C. 2 - Charleston 4
TOP OF THE 9TH
D.C. Divided batting - Pitching for Charleston Battery : RHP Tsugahara Hori
Pitching: RHP Hiroaki Kouda
Batting: LHB Elmer Hudgins 0-0: Ball
1-0: Called Strike
1-1: Foul Ball, location: 2F
1-2: Ball
2-2: Ground out 3-1 (Groundball, 34S)
Batting: RHB Ken Bone 0-0: Ball
1-0: Fly out, F3 (Line Drive, 34)
Batting: RHB José Torres 0-0: Swinging Strike
0-1: Foul Ball, location: 2F
0-2: Ball
1-2: Ball
2-2: Foul Ball, location: 2F
2-2: SOLO HOME RUN (Flyball, 7D), Distance : 385 ft
Batting: LHB Yao-pang Chiang 0-0: Ball
1-0: Swinging Strike
1-1: Foul Ball, location: 2F
1-2: Ball
2-2: SINGLE (Groundball, 6D)
Batting: RHB Wilbur Davis 0-0: Called Strike
0-1: Called Strike
0-2: Ball
1-2: Strikes out swinging
Top of the 9th over - 1 run, 2 hits, 0 errors, 1 left on base; D.C. 3 - Charleston 4
Friday, March 29th, 2019 - OOTP Baseball 18.8 Build 76